 Dungeon Crawl Stone Soup version 0.21.1-1-g345015fe64 (webtiles) character file.

33194 Nukefarmer the Peltast (level 13, -16/123 HPs)
             Began as a Minotaur Fighter on Apr 27, 2018.
             Was a High Priest of Trog.
             Demolished by a white ugly thing (45 damage)
             ... on level 13 of the Dungeon on June 2, 2018.
             The game lasted 01:16:41 (10857 turns).

Nukefarmer the Peltast (Minotaur Fighter)          Turns: 10857, Time: 01:16:48

Health: -16/123    AC: 22    Str: 26    XL:     13   Next: 35%
Magic:  12/12      EV: 10    Int: 11    God:    Trog [*****.]
Gold:   374        SH: 24    Dex: 14    Spells: 12/12 levels left

rFire    . . .     SeeInvis +   d - +6 eveningstar
rCold    x . .     Gourm    +   G - +2 large shield
rNeg     . . .     Faith    .   B - +5 chain mail "Ajoveduf" {Slay+3}
rPois    +         Spirit   .   (helmet restricted)
rElec    .         Reflect  .   b - +0 cloak {MR+}
rCorr    .         Harm     .   p - +1 pair of gloves
MR       ++++.                  (no boots)
Stlth    ..........             j - amulet "Enani" {Gourm Int+2}
HPRegen  0.30/turn              F - ring "Toimenu" {rPois rC- MR+++ Int+4 SInv}
MPRegen  0.13/turn              y - ring of the Crown {*Drain +Fly Dex+4 Slay+3 SInv}

@: no status effects
A: retaliatory headbutt, claws 1, horns 2, talons 1, shaggy fur 1, evolution 1
a: Berserk, Trog's Hand, Brothers in Arms, Burn Spellbooks, Renounce Religion,
Evoke Flight


You were on level 13 of the Dungeon.
You worshipped Trog.
Trog was extremely pleased with you.
You were not hungry.

You visited 2 branches of the dungeon, and saw 14 of its levels.
You also visited: Sewer.

You collected 671 gold pieces.
You spent 297 gold pieces at shops.

Inventory:

Hand Weapons
 d - a +6 eveningstar (weapon)
 r - a +5 war axe
Missiles
 c - 7 javelins (quivered)
Armour
 b - a +0 cloak of magic resistance (worn)
 p - a +1 pair of gloves (worn)
 B - the +5 chain mail "Ajoveduf" (worn) {Slay+3}
   (You found it on level 8 of the Dungeon)

   It affects your accuracy and damage with ranged weapons and melee attacks
   (+3).
 G - a +2 large shield (worn)
Jewellery
 j - the amulet "Enani" (around neck) {Gourm Int+2}
   (You found it on level 13 of the Dungeon)

   [amulet of the gourmand]

   It allows you to eat raw meat even when not hungry.
   It affects your intelligence (+2).
 y - the ring of the Crown (right hand) {*Drain +Fly Dex+4 Slay+3 SInv}
   (You found it on level 8 of the Dungeon)

   [ring of flight]

   It affects your dexterity (+4).
   It affects your accuracy and damage with ranged weapons and melee attacks
   (+3).
   It lets you see invisible.
   It lets you fly.
   It causes draining when unequipped.
 F - the ring "Toimenu" (left hand) {rPois rC- MR+++ Int+4 SInv}
   (You found it on level 10 of the Dungeon)

   [ring of poison resistance]

   It affects your intelligence (+4).
   It makes you vulnerable to cold.
   It protects you from poison.
   It affects your resistance to hostile enchantments.
   It lets you see invisible.
Wands
 k - a wand of iceblast (33)
 C - a wand of acid (9)
 D - a wand of disintegration (7)
 E - a wand of paralysis (24)
Scrolls
 g - 3 scrolls of teleportation
 i - 6 scrolls of remove curse
 o - a scroll of fear
 q - 3 scrolls of blinking
 v - 3 scrolls of fog
 A - a scroll of identify
Potions
 e - 6 potions of curing
 h - 2 potions of magic
 m - a potion of might
 t - 2 potions of ambrosia
 u - a potion of flight
 x - a potion of agility
Comestibles
 a - 16 chunks of flesh
 f - 23 rations


   Skills:
 * Level 13.7 Fighting
 - Level 2.4 Axes
 * Level 13.1 Armour
 + Level 5.3 Dodging
 * Level 18.0 Shields


You had 12 spell levels left.
You didn't know any spells.

Dungeon Overview and Level Annotations

Branches:
Dungeon (13/15)            Temple (1/1) D:4            Lair (0/6) D:8
    Orc (0/2) D:9
 Vaults: D:13-14

Altars:
Ashenzari
Dithmenos
Elyvilon
Fedhas
Kikubaaqudgha
Sif Muna
Trog
Uskayaw
Xom
The Shining One

Shops:
D:11 (   D:12 :   D:13 %


Innate Abilities, Weirdness & Mutations

You reflexively headbutt those who attack you in melee.
You have a pair of horns on your head.
You have sharp fingernails.
You have sharp toenails.
You are covered in fur. (AC +1)
You evolve.


Message History

Eat one of 17 chunks of flesh? (ye/n/q)
You eat one of the 17 chunks of flesh.
This raw flesh tastes terrible.
That was extremely unsatisfying.
You block the vampire mosquito's attack.
The vampire mosquito closely misses you.
You block the white ugly thing's attack.
You impale the white ugly thing!! You claw the white ugly thing!
The white ugly thing is heavily wounded.
You block the vampire mosquito's attack.
The vampire mosquito closely misses you.
You furiously retaliate!
You headbutt the vampire mosquito!
You block the white ugly thing's attack.
The vampire mosquito bites you but does no damage.
You thump the white ugly thing!
The white ugly thing is severely wounded.
You block the vampire mosquito's attack. x2
The white ugly thing tentacle-slaps you.
* * * LOW HITPOINT WARNING * * *
The white ugly thing freezes you!!!
You feel a terrible chill!
You die...

# ..
###########... .
##............#
...
####.[#####..#####
.....##y..(##
##..# .....yu@####
##.#### .....####
###>....# ....
#.... ...........
... #....
###........ .#
#.... #........ .#
#.... #........
..# #....##
#........ #.#
#.....####........
#.#
#........#........


You could see a white ugly thing and 2 vampire mosquitoes.

Vanquished Creatures
  Rupert (D:13)
  The ghost of deszczowiec the Prestidigitator, a journeyman GnAr of Wu Jian (D:12)
  4 slime creatures
  Harold (D:11)
  Erolcha (D:11)
  A centaur warrior (D:13)
  Erica (D:12)
  A death knight (D:13)
  3 two-headed ogres
  Urug (D:12)
  2 deep elf knights (D:12)
  2 unseen horrors (D:10)
  Pikel (D:8)
  A phantasmal warrior (D:13)
  2 ugly things
  2 manticores
  2 cyclopes
  A centaur zombie (D:11)
  Joseph (D:12)
  Maurice (D:8)
  6 kobold demonologists
  2 freezing wraiths (D:13)
  3 trolls
  2 hornets (D:9)
  Prince Ribbit (D:7)
  5 hippogriffs
  26 yaks
  A shadow (D:11)
  A wraith (D:13)
  The ghost of raetorn the Sneak, an amateur VSEn (D:4)
  Grum (D:8)
  A vampire (D:8)
  A steam dragon (D:13)
  The ghost of Ivernyr the Charmwright, an amateur DsSk (D:3)
  2 hungry ghosts
  5 vampire mosquitoes (D:13)
  3 sky beasts
  3 black bears
  6 ice beasts
  4 phantoms
  3 slaves (D:8)
  3 wolves (D:8)
  10 centaurs
  3 ogres
  7 bullfrogs
  A big kobold (D:13)
  4 scorpions
  21 killer bees
  11 wights
  A howler monkey (D:12)
  9 crimson imps
  2 hounds
  3 jellies
  A bullfrog zombie (D:8)
  A centaur skeleton (D:5)
  4 orc priests
  A bullfrog skeleton (D:11)
  Natasha (thrice) (D:4)
  5 iguanas
  Ijyb (D:4)
  9 orc wizards
  14 worker ants
  A killer bee zombie (D:6)
  A hound skeleton (D:4)
  2 howler monkey zombies
  A worker ant zombie (D:11)
  Robin (D:4)
  A howler monkey skeleton (D:8)
  4 adders
  6 river rats (Sewer)
  2 shadow imps
  An adder skeleton (D:4)
  An adder zombie (D:6)
  4 worms
  3 dart slugs
  3 leopard geckos
  37 orcs
  8 giant cockroaches
  12 goblins
  9 hobgoblins
  13 jackals
  6 quokkas
  6 ball pythons
  6 bats
  13 frilled lizards
  A jackal skeleton (D:8)
  13 kobolds
  A leopard gecko skeleton (D:4)
  15 rats
393 creatures vanquished.

Vanquished Creatures (others)
  A hound (D:4)
  A worker ant (D:4)
2 creatures vanquished.

Grand Total: 395 creatures vanquished

Notes
Turn   | Place    | Note
-------+----------+-------------------------------------------
     0 | D:1      | Nukefarmer the Minotaur Fighter began the quest for the Orb.
     0 | D:1      | Reached XP level 1. HP: 19/19 MP: 0/0
   150 | D:1      | Reached XP level 2. HP: 27/27 MP: 1/1
   381 | D:2      | Found a hide-covered altar of Uskayaw.
   422 | D:2      | Found an ancient bone altar of Kikubaaqudgha.
   660 | D:2      | Reached XP level 3. HP: 30/33 MP: 2/2
   716 | D:2      | Found a blossoming altar of Fedhas.
   896 | D:2      | Reached skill level 1 in Dodging
   896 | D:2      | Reached skill level 4 in Shields
  1009 | D:3      | Reached XP level 4. HP: 40/40 MP: 3/3
  1044 | D:3      | Reached skill level 5 in Armour
  1208 | D:3      | Noticed Ivernyr's ghost (amateur DsSk)
  1227 | D:3      | Killed Ivernyr's ghost
  1227 | D:3      | Reached XP level 5. HP: 22/47 MP: 4/4
  1793 | D:3      | Reached XP level 6. HP: 53/53 MP: 5/5
  1822 | D:3      | Reached skill level 5 in Shields
  1999 | D:4      | Found a glowing drain.
  2021 | D:4      | Noticed Ijyb
  2022 | D:4      | Gained mutation: You evolve. [potion of mutation]
  2022 | D:4      | Gained mutation: You have sharp fingernails. [potion of mutation]
  2022 | D:4      | Gained mutation: You expend magic power (3 MP) to strengthen your wands. [potion of mutation]
  2022 | D:4      | Gained mutation: You are covered in fur. (AC +1) [potion of mutation]
  2032 | D:4      | Killed Ijyb
  2039 | D:4      | Reached skill level 5 in Fighting
  2257 | Sewer    | Entered a sewer
  2692 | D:4      | Noticed Natasha
  2696 | D:4      | Killed Natasha
  2696 | D:4      | Reached XP level 7. HP: 61/61 MP: 6/6
  2821 | D:4      | Noticed Natasha
  2835 | D:4      | Killed Natasha
  2884 | D:4      | Noticed Natasha
  2888 | D:4      | Killed Natasha
  2914 | D:4      | Noticed raetorn's ghost (amateur VSEn)
  2918 | D:4      | Killed raetorn's ghost
  2931 | D:4      | Noticed Robin
  2936 | D:4      | Killed Robin
  2936 | D:4      | Reached skill level 6 in Shields
  3217 | D:4      | Reached XP level 8. HP: 67/70 MP: 7/7
  3439 | D:4      | Found a staircase to the Ecumenical Temple.
  3449 | Temple   | Entered the Ecumenical Temple
  3466 | Temple   | Became a worshipper of Trog the Wrathful
  3555 | D:5      | Entered Level 5 of the Dungeon
  3574 | D:5      | Reached skill level 5 in Dodging
  3821 | D:5      | Reached skill level 7 in Shields
  3895 | D:5      | Gained mutation: You are resistant to electric shocks. (rElec) [evolution]
  3925 | D:5      | Reached * piety under Trog
  4359 | D:5      | Reached skill level 8 in Shields
  4622 | D:6      | Reached XP level 9. HP: 79/79 MP: 8/8
  4928 | D:6      | Reached skill level 9 in Shields
  5231 | D:7      | Gained mutation: You are clumsy. (Dex -2) [evolution]
  5401 | D:7      | Reached ** piety under Trog
  5433 | D:7      | Noticed Prince Ribbit
  5503 | D:7      | Killed Prince Ribbit
  5503 | D:7      | Reached skill level 10 in Shields
  5902 | D:8      | Got a dazzling chain mail
  5916 | D:8      | Identified the +5 chain mail "Ajoveduf" {Slay+3} (You found it on level 8 of the Dungeon)
  5940 | D:8      | Noticed Maurice
  5951 | D:8      | Killed Maurice
  5951 | D:8      | Reached XP level 10. HP: 91/91 MP: 9/9
  5978 | D:8      | Reached skill level 11 in Shields
  5985 | D:8      | Reached skill level 10 in Armour
  5991 | D:8      | Found a white marble altar of Elyvilon.
  6020 | D:8      | Got a shimmering flail
  6083 | D:8      | Got a fine brass ring
  6109 | D:8      | Identified the cursed +1 flail of the Dragonfly {protect, rN+} (You found it on level 8 of the Dungeon)
  6112 | D:8      | Identified the ring of the Crown {*Drain +Fly Dex+4 Slay+3 SInv} (You found it on level 8 of the Dungeon)
  6207 | D:8      | Noticed Pikel
  6222 | D:8      | Killed Pikel
  6273 | D:8      | Found a staircase to the Lair.
  6382 | D:8      | Noticed Grum
  6396 | D:8      | Killed Grum
  6524 | D:9      | Reached skill level 12 in Shields
  6528 | D:9      | Reached *** piety under Trog
  6531 | D:9      | Reached skill level 10 in Fighting
  6584 | D:9      | Found a staircase to the Orcish Mines.
  6638 | D:9      | Found an ancient bone altar of Kikubaaqudgha.
  6984 | D:9      | Reached skill level 13 in Shields
  7071 | D:9      | Found a shattered altar of Ashenzari.
  7081 | D:9      | Noticed a two-headed ogre
  7092 | D:9      | Killed a two-headed ogre
  7092 | D:9      | Reached XP level 11. HP: 41/101 MP: 10/10
  7444 | D:9      | Noticed a two-headed ogre
  7452 | D:9      | Killed a two-headed ogre
  7745 | D:10     | Entered Level 10 of the Dungeon
  7852 | D:10     | Noticed an unseen horror
  7860 | D:10     | Killed an unseen horror
  7912 | D:10     | Noticed a two-headed ogre
  7919 | D:10     | Killed a two-headed ogre
  7919 | D:10     | Reached skill level 14 in Shields
  8123 | D:10     | Reached **** piety under Trog
  8164 | D:10     | Noticed an unseen horror
  8169 | D:10     | Killed an unseen horror
  8220 | D:10     | Got a glittering lead ring
  8245 | D:10     | Identified the ring "Toimenu" {rPois rC- MR+++ Int+4 SInv} (You found it on level 10 of the Dungeon)
  9009 | D:11     | Noticed a cyan ugly thing
  9018 | D:11     | Killed a cyan ugly thing
  9078 | D:11     | Found Zilenkik's Antique Weapon Shoppe.
  9092 | D:11     | Bought an ichor-stained morningstar for 297 gold pieces
  9092 | D:11     | Identified the +1 morningstar of Afoth {freeze, Int+4 Dex+2 Stlth+} (You bought it in a shop on level 11 of the Dungeon)
  9138 | D:11     | Noticed Harold
  9152 | D:11     | Killed Harold
  9152 | D:11     | Reached skill level 15 in Shields
  9226 | D:11     | Reached XP level 12. HP: 112/112 MP: 11/11
  9306 | D:11     | Noticed Erolcha
  9315 | D:11     | Killed Erolcha
  9533 | D:11     | Lost mutation: You expend magic power (3 MP) to strengthen your wands. [potion of mutation]
  9533 | D:11     | Lost mutation: You are clumsy. (Dex -2) [potion of mutation]
  9533 | D:11     | Lost mutation: You evolve. [potion of mutation]
  9533 | D:11     | Gained mutation: You evolve. [potion of mutation]
  9533 | D:11     | Lost mutation: You are resistant to electric shocks. (rElec) [potion of mutation]
  9533 | D:11     | Gained mutation: You have sharp toenails. [potion of mutation]
  9849 | D:12     | Noticed deszczowiec's ghost (journeyman GnAr)
  9890 | D:12     | Killed deszczowiec's ghost
  9890 | D:12     | Reached skill level 16 in Shields
  9932 | D:12     | Found Catueff's Book Boutique.
 10113 | D:12     | Found a hide-covered altar of Uskayaw.
 10168 | D:12     | Noticed Erica
 10169 | D:12     | Noticed Joseph
 10184 | D:12     | Killed Erica
 10187 | D:12     | Killed Joseph
 10204 | D:12     | Reached ***** piety under Trog
 10207 | D:12     | Noticed Urug
 10225 | D:12     | Killed Urug
 10328 | D:12     | Reached skill level 17 in Shields
 10534 | D:13     | Noticed Rupert
 10549 | D:13     | Killed Rupert
 10549 | D:13     | Reached XP level 13. HP: 61/122 MP: 12/12
 10681 | D:13     | Found Onigew's Food Boutique.
 10777 | D:13     | Reached skill level 18 in Shields
 10805 | D:13     | Got a glittering ruby amulet
 10806 | D:13     | Identified the amulet "Enani" {Gourm Int+2} (You found it on level 13 of the Dungeon)
 10857 | D:13     | Demolished by a white ugly thing

Skill      XL: |  1  2  3  4  5  6  7  8  9 10 11 12 13 |
---------------+----------------------------------------+-----
Armour         | 4 5 6 7 8 9 10 12 13 | 13.1
Fighting       | 4 5 7 9 10 12 13 | 13.7
Dodging        | 1 2 3 4 5 |  5.3
Shields        | 4 5 6 8 10 13 15 17 18 | 18.0
Axes           | |  2.4

Action                   |  1- 3 |  4- 6 |  7- 9 | 10-12 | 13-15 || total
-------------------------+-------+-------+-------+-------+-------++-------
Melee: War axe           |    82 |    81 |   215 |   398 |       ||   776
       Headbutt          |    10 |    24 |    44 |   114 |    14 ||   206
       Hand axe          |       |    65 |    36 |       |       ||   101
       Kick              |       |       |       |    66 |    27 ||    93
       Eveningstar       |       |       |       |    49 |    73 ||   122
Invok: Trog's Hand       |       |       |       |     6 |     2 ||     8
       Berserk           |       |       |       |     3 |     1 ||     4
  Use: Potion            |     1 |     7 |     1 |    10 |     4 ||    23
       Scroll            |       |    10 |     8 |    12 |     2 ||    32
 Stab: Sleeping          |       |     1 |       |       |       ||     1
  Eat: Chunk             |       |     6 |     8 |     9 |     3 ||    26
       Ration            |       |       |     1 |     4 |       ||     5
Armor: Scale mail        |    28 |    37 |    84 |       |       ||   149
       Chain mail        |       |       |       |   165 |    29 ||   194
Dodge: Dodged            |    23 |    36 |    84 |   105 |    21 ||   269
Block: Shield            |    48 |    66 |   186 |   205 |       ||   505
       Large shield      |       |       |       |   282 |   156 ||   438
